 Dungeon Crawl Stone Soup version 0.26-a0-606-g3c8f2f65f7 (webtiles) character file.

Game seed: 18314080944263241404

55702 GeoCrane the Bludgeoner (level 14, -4/126 HPs)
             Began as a Minotaur Gladiator on Aug 29, 2020.
             Was a High Priest of Okawaru.
             Slain by a rust devil (11 damage)
             ... on level 4 of the Lair of Beasts on Sept 2, 2020.
             The game lasted 01:40:34 (25347 turns).

GeoCrane the Bludgeoner (Minotaur Gladiator)       Turns: 25347, Time: 01:40:34

Health: -4/126     AC: -1    Str: 23    XL:     14   Next: 39%
Magic:  17/17      EV: 11    Int:  5    God:    Okawaru [*****.]
Gold:   1945       SH:  0    Dex: 14    Spells: 13/13 levels left

rFire    . . .     SeeInvis .   a - +7 mace "Abrakor" {elec, rElec rPois Str-4 Stlth+}
rCold    . . .     Faith    .   (no shield)
rNeg     . . .     Spirit   .   O - +4 plate armour "Esururik" {Dex+2}
rPois    +         Reflect  .   C - +1 hat of Least Resistance {rElec}
rElec    +         Harm     .   Z - +1 cloak
rCorr    .                      B - +1 pair of gloves {Str+3}
MR       +....                  (no boots)
Stlth    ..........             y - amulet of magic regeneration
HPRegen  0.31/turn              r - ring of poison resistance
MPRegen  0.40/turn              N - ring of stealth

@: about to teleport, corroded, studying Crossbows, drained
A: retaliatory headbutt, horns 2
a: Heroism, Finesse, Renounce Religion


You were on level 4 of the Lair of Beasts.
You worshipped Okawaru.
Okawaru was extremely pleased with you.
You visited 4 branches of the dungeon, and saw 21 of its levels.
You also visited: Ossuary.

You collected 2161 gold pieces.
You spent 216 gold pieces at shops.

Inventory:

Hand Weapons
 a - the +7 mace "Abrakor" (weapon) {elec, rElec rPois Str-4 Stlth+}
   (Okawaru gifted it to you on level 2 of the Orcish Mines)

   Occasionally, upon striking a foe, it will discharge some electrical energy
   and cause terrible harm.
   It affects your strength (-4).
   It insulates you from electricity.
   It protects you from poison.
   It makes you more stealthy.
 b - a +1 vorpal arbalest
 q - a +3 morningstar of draining
Missiles
 d - 2 throwing nets
 k - 69 poisoned darts (quivered)
 W - 76 bolts
Armour
 B - a +1 pair of gloves of strength (worn)
 C - the +1 hat of Least Resistance (worn) {rElec}
   (Okawaru gifted it to you on level 5 of the Lair of Beasts)

   It insulates you from electricity.
 O - the +4 plate armour "Esururik" (worn) {Dex+2}
   (You found it on level 8 of the Dungeon)

   It affects your dexterity (+2).
 Z - a +1 cloak (worn)
Jewellery
 r - a ring of poison resistance (left hand)
 y - an amulet of magic regeneration (around neck)
 N - a ring of stealth (right hand)
Wands
 g - a wand of enslavement (7)
 o - a wand of paralysis (23)
 p - a wand of digging (9)
 H - a wand of iceblast (24)
 K - a wand of flame (53)
 R - a wand of acid (9)
 V - a wand of polymorph (9)
Scrolls
 c - 2 scrolls of silence
 e - 12 scrolls of remove curse
 f - 5 scrolls of teleportation
 t - a scroll of enchant weapon
 u - a scroll of immolation
 F - 7 scrolls of amnesia
 L - 3 scrolls of fear
 Q - 3 scrolls of enchant armour
 S - 4 scrolls of fog
 Y - a scroll of summoning
Potions
 h - 3 potions of curing
 i - a potion of cancellation {unknown}
 j - 3 potions of might
 l - a potion of magic
 m - a potion of haste
 n - 10 potions of stabbing
 z - a potion of invisibility
 G - a potion of resistance
Books
 J - a manual of Crossbows
Miscellaneous
 s - a lightning rod (4/4)
 M - a tin of tremorstones (3/3)


   Skills:
 + Level 12.2(11.2) Fighting
 - Level 16.0(14.9) Maces & Flails
 + Level 12.7(11.7) Crossbows
 + Level 10.5(9.6) Throwing
 + Level 7.1(6.2) Armour
 - Level 9.7(8.8) Dodging
   Level 4.5(3.7) Shields
 + Level 6.0(5.1) Invocations
 + Level 5.4(4.6) Evocations


You had 13 spell levels left.
You didn't know any spells.
Your spell library contained the following spells:

 Spells                   Type           Power        Failure   Level
 Corona                   Hex            #......      100%        1
 Freeze                   Ice            #...         100%        1
 Magic Dart               Conj           #...         100%        1
 Sting                    Tmut/Pois      #...         100%        1
 Poisonous Vapours        Pois/Air       #.....       100%        2
 Searing Ray              Conj           #.....       100%        2
 Slow                     Hex            #.......     100%        2
 Conjure Flame            Conj/Fire      #.......     100%        3
 Dazzling Flash           Conj/Hex       #.....       100%        3
 Frozen Ramparts          Ice            #.....       100%        3
 Ignite Poison            Fire/Tmut/Pois #.......     100%        3
 Inner Flame              Hex/Fire       #.......     100%        3
 Mephitic Cloud           Conj/Pois/Air  #.......     100%        3
 Ozocubu's Armour         Ice            #.......     100%        3
 Portal Projectile        Hex/Tloc       #.....       100%        3
 Cause Fear               Hex            #.........   100%        4
 Fulminant Prism          Conj/Hex       #.........   100%        4
 Hailstorm                Conj/Ice       #.......     100%        4
 Iskenderun's Mystic Bla  Conj/Tloc      #.......     100%        4
 Leda's Liquefaction      Hex/Erth       #.........   100%        4
 Olgreb's Toxic Radiance  Pois           #.......     100%        4
 Summon Ice Beast         Ice/Summ       #.......     100%        4
 Freezing Cloud           Conj/Ice/Air   #.........   100%        6


Dungeon Overview and Level Annotations

Branches:
Dungeon (13/15)            Temple (1/1) D:4            Lair (5/6) D:9
 Shoals (0/4) Lair:2        Snake (0/4) Lair:4          Orc (2/2) D:12
    Elf (0/3) Orc:2       Ossuary (visited)
  Slime: Lair:5-6    Vaults: D:13-14

Altars:
Ashenzari
Cheibriados
Dithmenos
Elyvilon
Fedhas
Gozag
Hepliaklqana
Kikubaaqudgha
Makhleb
Nemelex Xobeh
Okawaru
Qazlal
Ru
Sif Muna
Trog
Uskayaw
Vehumet
Wu Jian
Xom
Yredelemnul
Zin
The Shining One

Shops:
D:5 (   D:8 (   Orc:1 !   Orc:2 (![*:

Portals:
Abyss: Lair:4

Annotations:
D:4 exclusion: statue
D:10 1 runed translucent door, Mitsuki's ghost, novice DECj
Lair:2 3 runed translucent doors, Zeamae's ghost, journeyman OpCj
Lair:4 1 transporter, Attok's ghost, journeyman MiFi


Innate Abilities, Weirdness & Mutations

You reflexively headbutt those who attack you in melee.
You have a pair of horns on your head.


Message History

The rust devil corrodes you!
You fail to use your ability.
The rust devil hits you!
* * * LOW HITPOINT WARNING * * *
The rust devil corrodes you! The large abomination hits you!!
* * * LOW HITPOINT WARNING * * *
Okay, then.
You feel much better. The rust devil completely misses you.
As you read the scroll of teleportation, it crumbles to dust.
You feel strangely unstable. The large abomination hits you!!!
* * * LOW HITPOINT WARNING * * *
The rust devil closely misses you.
You feel better. The large abomination hits you!
* * * LOW HITPOINT WARNING * * *
The rust devil hits you.
* * * LOW HITPOINT WARNING * * *
The rust devil corrodes you!
As you read the scroll of fear, it crumbles to dust.
You assume a fearsome visage.
The rust devil is unaffected.
The large abomination is unaffected.
The rust devil hits you!
You die...

#. ## #### ### ### #.#.
#####.#######.###...
##..##...##..........
#.......##.#...©.....
#..####.......###....
##..#@X###...###[##...
#P..##4..##..# ...#..#
#....#.##∩####(#.##...
#...##..#.......##...#
#..##§#.^##..#.##.....
##..#§.§^#...#.©#....##
#...#####.###.#.###..P#
#....# ##.###...##.##
##...# #....##?..#..#


You could see a large abomination and a rust devil.

Vanquished Creatures
  Saint Roka (Orc:1)
  Gastronok (Lair:2)
  2 orc warlords
  Josephine (Orc:2)
  2 hydras
  A catoblepas (Lair:4)
  3 two-headed ogres
  Urug (Orc:1)
  An orc high priest (Orc:1)
  A soul eater (Lair:4)
  2 unseen horrors
  5 orc knights
  An ugly thing (D:12)
  5 elephants (Lair:5)
  3 cyclopes
  2 orc sorcerers (Orc:2)
  A manticore (D:12)
  2 gargoyles (D:11)
  2 black mambas
  Maurice (D:12)
  5 cane toads
  A torpor snail (Lair:3)
  An orange demon (Lair:4)
  Maggie (D:6)
  4 komodo dragons
  2 rime drakes (Orc:2)
  3 trolls
  A hornet (D:10)
  12 blink frogs (Lair:4)
  4 dream sheep
  13 hippogriffs
  A slime creature (D:12)
  6 wraiths
  3 wyverns
  A basilisk (Lair:2)
  2 humans (D:11)
  38 yaks
  9 wargs
  Menkaure (D:7)
  3 nagas (Lair:4)
  8 porcupines
  7 water moccasins
  3 ice beasts
  Duvessa (D:5)
  38 orc warriors
  3 black bears
  5 sky beasts
  2 phantoms
  6 wolves (Lair:3)
  11 ogres
  3 centaurs
  9 crocodiles
  13 bullfrogs
  5 big kobolds
  2 gnoll sergeants (D:8)
  Dowan (D:5)
  2 scorpions
  A wyvern skeleton (D:7)
  A water moccasin zombie (D:7)
  6 killer bees
  3 wights (D:7)
  2 howler monkeys (D:10)
  A bullfrog zombie (D:6)
  A quasit (D:9)
  A centaur zombie (D:11)
  A human zombie (Ossuary)
  6 hounds
  21 orc priests
  A bullfrog skeleton (D:11)
  2 jellies (D:8)
  Crazy Yiuf (D:3)
  4 centaur skeletons
  4 iguanas
  Ijyb (D:3)
  17 orc wizards
  15 worker ants
  2 big kobold zombies (Ossuary)
  A hound zombie (D:6)
  A hound skeleton (D:7)
  A howler monkey zombie (D:8)
  5 mummies (Ossuary)
  A worker ant zombie (D:9)
  Robin (D:2)
  13 gnolls
  18 adders
  3 white imps
  An ufetubus (D:10)
  An adder skeleton (D:8)
  An adder zombie (D:4)
  4 worms
  2 dart slugs (D:1)
  3 leopard geckos
  92 orcs
  2 ball pythons
  8 bats
  3 giant cockroaches
  A gnoll zombie (Ossuary)
  15 goblins
  8 hobgoblins
  15 jackals
  4 quokkas
  3 frilled lizards
  2 goblin zombies (Ossuary)
  A hobgoblin zombie (Ossuary)
  19 kobolds
  A kobold zombie (Ossuary)
  A leopard gecko skeleton (D:7)
  13 rats
603 creatures vanquished.

Vanquished Creatures (collateral kills)
  A wyvern skeleton (D:10)
1 creature vanquished.

Vanquished Creatures (others)
  A human (D:10)
  31 fungi
  13 plants
45 creatures vanquished.

Grand Total: 649 creatures vanquished

Notes
Turn   | Place    | Note
-------+----------+-------------------------------------------
     0 | D:1      | GeoCrane the Minotaur Gladiator began the quest for the
                  | Orb.
     0 | D:1      | Reached XP level 1. HP: 18/18 MP: 0/0
    25 | D:1      | Upgraded the game from 0.26-a0-599-gc8f6553d2c to
                  | 0.26-a0-602-gd42a14c23b
    90 | D:1      | Upgraded the game from 0.26-a0-602-gd42a14c23b to
                  | 0.26-a0-606-g3c8f2f65f7
    98 | D:1      | Reached XP level 2. HP: 23/25 MP: 1/1
   405 | D:1      | Reached skill level 4 in Maces & Flails
   462 | D:1      | Reached XP level 3. HP: 31/31 MP: 2/2
   709 | D:2      | Noticed Robin
  1246 | D:2      | Killed Robin
  1424 | D:2      | Reached XP level 4. HP: 38/38 MP: 3/3
  1778 | D:3      | Reached skill level 5 in Maces & Flails
  1778 | D:3      | Reached XP level 5. HP: 32/46 MP: 4/4
  1899 | D:3      | Found an opulent altar of Gozag.
  2720 | D:3      | Reached XP level 6. HP: 52/52 MP: 5/5
  2782 | D:3      | Reached skill level 6 in Maces & Flails
  3073 | D:3      | Noticed Ijyb
  3078 | D:3      | Paralysed by Ijyb for 4 turns
  3087 | D:3      | Killed Ijyb
  3323 | D:3      | Found a runed translucent door.
  3324 | D:3      | Noticed Crazy Yiuf
  3331 | D:3      | Killed Crazy Yiuf
  3692 | D:4      | Reached skill level 5 in Dodging
  3692 | D:4      | Reached XP level 7. HP: 60/60 MP: 6/6
  3721 | D:4      | Found a radiant altar of Vehumet.
  3759 | D:4      | Found a staircase to the Ecumenical Temple.
  3765 | Temple   | Entered the Ecumenical Temple
  4317 | D:5      | Entered Level 5 of the Dungeon
  4461 | D:5      | Found a shimmering blue altar of Sif Muna.
  4554 | D:5      | Found Qeohoib's Antique Weapon Shop.
  4834 | D:5      | Reached skill level 7 in Maces & Flails
  4879 | D:5      | Noticed a moth of wrath
  4880 | D:5      | Noticed Dowan
  4881 | D:5      | Noticed Duvessa
  4882 | D:5      | Found a bloodstained altar of Trog.
  4894 | D:5      | Killed Duvessa
  4894 | D:5      | Reached skill level 5 in Fighting
  4911 | D:5      | Killed Dowan
  5160 | D:5      | Found an ornate altar of the Wu Jian Council.
  5587 | D:6      | Reached XP level 8. HP: 50/69 MP: 7/7
  5794 | D:6      | Reached skill level 8 in Maces & Flails
  6033 | D:6      | Reached skill level 5 in Throwing
  6705 | D:6      | Noticed Maggie
  6714 | D:6      | Killed Maggie
  6714 | D:6      | Reached skill level 9 in Maces & Flails
  7209 | D:7      | Reached XP level 9. HP: 67/78 MP: 8/8
  7293 | D:7      | Noticed Menkaure
  7298 | D:7      | Killed Menkaure
  7461 | D:7      | Noticed a troll
  7468 | D:7      | Killed a troll
  7468 | D:7      | Reached skill level 10 in Maces & Flails
  7906 | D:7      | Reached skill level 1 in Crossbows
  8230 | D:8      | Noticed a troll
  8234 | D:8      | Killed a troll
  8324 | D:8      | Found a sand-covered staircase.
  8330 | Ossuary  | Entered an ossuary
  8655 | D:8      | Reached skill level 11 in Maces & Flails
  8844 | D:8      | Found Rejoad's Antique Weapon Emporium.
  8859 | D:8      | Reached XP level 10. HP: 87/88 MP: 9/9
  9027 | D:8      | Noticed a three-headed hydra
  9032 | D:8      | Killed a three-headed hydra
  9032 | D:8      | Reached skill level 5 in Crossbows
  9188 | D:8      | Noticed a two-headed ogre
  9198 | D:8      | Killed a two-headed ogre
  9497 | D:8      | Got a diamond-encrusted plate armour
  9513 | D:8      | Identified the +4 plate armour "Esururik" {Dex+2} (You
                  | found it on level 8 of the Dungeon)
  9661 | D:8      | Reached skill level 12 in Maces & Flails
 10096 | D:8      | Found an iron altar of Okawaru.
 10307 | D:8      | Became a worshipper of Warmaster Okawaru
 10573 | D:9      | Reached * piety under Okawaru
 10739 | D:9      | Found an iron altar of Okawaru.
 10819 | D:9      | Found a burning altar of Makhleb.
 10819 | D:9      | Noticed a cacodemon
 10872 | D:9      | Found a staircase to the Lair.
 10982 | D:9      | Got a faintly glowing leather armour
 10983 | D:9      | Identified the cursed +1 leather armour of Oblivion {rElec}
                  | (You found it on level 9 of the Dungeon)
 11190 | D:10     | Entered Level 10 of the Dungeon
 11196 | D:10     | Noticed a two-headed ogre
 11207 | D:10     | Killed a two-headed ogre
 11207 | D:10     | Reached XP level 11. HP: 97/97 MP: 10/10
 11254 | D:10     | Reached ** piety under Okawaru
 11330 | D:10     | Found a glowing silver altar of Zin.
 11379 | Lair:1   | Entered Level 1 of the Lair of Beasts
 11846 | Lair:1   | Reached skill level 13 in Maces & Flails
 12455 | Lair:2   | Reached *** piety under Okawaru
 12474 | Lair:2   | Found a runed translucent gate.
 12474 | Lair:2   | Found a runed translucent gate.
 12476 | Lair:2   | Found a runed translucent gate.
 12480 | Lair:2   | Noticed Zeamae's ghost (journeyman OpCj)
 12602 | Lair:2   | Found a staircase to the Shoals.
 12727 | Lair:2   | Noticed Gastronok
 12743 | Lair:2   | Killed Gastronok
 12743 | Lair:2   | Reached skill level 10 in Fighting
 13228 | Lair:2   | Found an opulent altar of Gozag.
 13462 | Lair:2   | Reached **** piety under Okawaru
 13548 | Lair:3   | Received a gift from Okawaru
 13766 | Lair:3   | Reached XP level 12. HP: 82/107 MP: 11/11
 13768 | Lair:3   | Reached skill level 1 in Armour
 13903 | Lair:3   | Reached skill level 1 in Shields
 14262 | Lair:3   | Reached skill level 14 in Maces & Flails
 14262 | Lair:3   | Reached skill level 1 in Invocations
 14264 | Lair:3   | Reached skill level 1 in Evocations
 14365 | Lair:3   | Received a gift from Okawaru
 15091 | Lair:4   | Reached ***** piety under Okawaru
 15235 | Lair:4   | Found a staircase to the Snake Pit.
 15303 | Lair:4   | Received a gift from Okawaru
 15320 | Lair:4   | Reached skill level 10 in Crossbows
 15480 | Lair:4   | Noticed a catoblepas
 15500 | Lair:4   | Killed a catoblepas
 15535 | Lair:4   | Received a gift from Okawaru
 15959 | Lair:4   | Found a transporter.
 15996 | Lair:4   | Identified the +3 trident of Yloedys {distort, rElec rF-
                  | rC+ Int+4}
 16013 | Lair:4   | Found a transporter.
 16378 | Lair:5   | Noticed an eight-headed hydra
 16392 | Lair:5   | Killed an eight-headed hydra
 16392 | Lair:5   | Received a gift from Okawaru
 16403 | Lair:5   | Got a pitted hat {god gift}
 16414 | Lair:5   | Identified the +1 hat of Least Resistance {rElec} (Okawaru
                  | gifted it to you on level 5 of the Lair of Beasts)
 16771 | Lair:5   | Reached XP level 13. HP: 106/116 MP: 14/14
 17538 | D:10     | Found an ancient bone altar of Kikubaaqudgha.
 17775 | D:10     | You fall into a shaft and drop 3 floors!
 17949 | D:12     | Found a staircase to the Orcish Mines.
 18053 | D:12     | Reached skill level 15 in Maces & Flails
 18309 | D:12     | Noticed Maurice
 18331 | D:12     | Killed Maurice
 19010 | D:11     | Reached skill level 5 in Armour
 19054 | D:11     | Received a gift from Okawaru
 19055 | D:11     | Got a pair of ancient gloves {god gift}
 19066 | D:11     | Identified the -3 pair of gloves of Atheism {rC+ Str+4}
                  | (Okawaru gifted it to you on level 11 of the Dungeon)
 19237 | D:11     | Found an iron altar of Okawaru.
 20247 | D:10     | Found a runed translucent door.
 20248 | D:10     | Found a shimmering altar of Xom.
 20248 | D:10     | Noticed Mitsuki's ghost (novice DECj)
 20644 | Orc:1    | Entered Level 1 of the Orcish Mines
 20971 | Orc:1    | Found Cups's Distillery.
 21324 | Orc:1    | Noticed an orc warlord
 21379 | Orc:1    | Killed an orc warlord
 21432 | Orc:1    | Reached skill level 10 in Throwing
 21940 | Orc:2    | Entered Level 2 of the Orcish Mines
 21940 | Orc:2    | Found Ocobarph Xosy's General Store.
 21940 | Orc:2    | Noticed an orc warlord
 21940 | Orc:2    | Noticed Urug
 21940 | Orc:2    | Noticed Saint Roka
 21948 | Orc:1    | Killed Urug
 22721 | Orc:1    | Reached skill level 5 in Invocations
 22740 | Orc:1    | Killed Saint Roka
 22740 | Orc:1    | Reached XP level 14. HP: 41/125 MP: 16/16
 23092 | Orc:1    | Received a gift from Okawaru
 23092 | Orc:1    | Reached skill level 16 in Maces & Flails
 23423 | Orc:2    | Received a gift from Okawaru
 23424 | Orc:2    | Got an encrusted mace {god gift}
 23447 | Orc:2    | Identified the +7 mace "Abrakor" {elec, rElec rPois Str-4
                  | Stlth+} (Okawaru gifted it to you on level 2 of the Orcish
                  | Mines)
 23600 | Orc:2    | Found a radiant altar of Vehumet.
 23638 | Orc:2    | Reached skill level 5 in Evocations
 23911 | Orc:2    | Found a staircase to the Elven Halls.
 23916 | Orc:2    | Found Suotu's Distillery.
 24060 | Orc:2    | Found Cor Bef's Antique Weapon Shop.
 24177 | Orc:2    | Killed an orc warlord
 24586 | Orc:2    | Found Qitzaddyro's Antique Armour Shop.
 24799 | Orc:2    | Noticed Josephine
 24807 | Orc:2    | Killed Josephine
 24829 | Orc:2    | Found Upeuw's Book Emporium.
 25021 | Orc:2    | Bought a warped mace for 216 gold pieces
 25021 | Orc:2    | Identified the +4 mace of Cuohuzxa {pain, rElec rPois rN+++
                  | Str-3} (You bought it in a shop on level 2 of the Orcish
                  | Mines)
 25244 | Lair:4   | Noticed Attok's ghost (journeyman MiFi)
 25324 | Lair:4   | Found a one-way gate to the infinite horrors of the Abyss.
 25347 | Lair:4   | Slain by a rust devil

Illustrated notes

Levels and vault maps discovered:
D:1:      dpeg_arrival_tiny_a, layout_rooms, chequers_serial_rivers_small_3,
          minmay_tetromino_s4
D:2:      layout_basic, minmay_distorted, uniq_robin
D:3:      layout_loops_corners, lemuel_doored_altar, serial_bayou_pond_e,
          uniq_crazy_yiuf_cottage, uniq_ijyb
D:4:      layout_gridville, vehumet_statue, temple_green
D:5:      layout_cave_pools, tgw_trog, kennysheep_little_box, serial_shops,
          nicolae_shop_overgrown_old_shop, chequers_mini_garden,
          chequers_serial_rivers_marsh, led_sif_book, uniq_duvessa
D:6:      layout_loops_ring, uniq_maggie
D:7:      layout_basic, minmay_manual_mail, uniq_menkaure
D:8:      layout_loops_ring, marbit_many_paths, enter_bailey_6,
          nicolae_ossuary_entry_monument, serial_shops,
          nicolae_shop_behind_doors, hangedman_ranch [blue_anna_fruit_fields]
D:9:      layout_loops_cross, makhleb_altar_promises_db, lair_entry_dummy,
          basic_altar, ebering_dispersal_statue_hall, chequers_jeans,
          nrook_mini_backslash
D:10:     layout_basic, basic_altar, ebering_ghost_xom, tgw_kikubaaqudgha
D:11:     layout_gridville, okawaru_humans
D:12:     layout_loops_ring, erik_orc_3, uniq_maurice
D:13:     layout_cave_pools, grunt_decor_resistance, serial_park_tiny_2
Temple:   eino_temple_rhombus
Lair:1:   layout_chaotic_city
Lair:2:   layout_gridlike, shoals_dummy_entry, basic_altar,
          ebering_ghost_rock_garden, uniq_gastronok
Lair:3:   layout_cave_pods, grunt_megastairs_2
Lair:4:   layout_loops_ring, guppyfry_snake_entry_garden,
          gammafunk_ghost_abyssal_escape
Lair:5:   layout_small_grid
Orc:1:    layout_caves, serial_shops, shop_fountains
Orc:2:    grunt_orc_gardens, layout_diamond_mine, grunt_orc_garden,
          grunt_orc_garden, grunt_orc_garden, grunt_orc_garden,
          portal_ice_cave_rime, basic_altar, serial_shops, shop, uniq_josephine,
          uniq_urug, uniq_saint_roka

Skill      XL: |  1  2  3  4  5  6  7  8  9 10 11 12 13 14 |
---------------+-------------------------------------------+-----
Maces & Flails | 4 5 6 7 9 11 12 13 14 15 16 | 16.0
Fighting       | 3 4 5 6 8 9 10 11 12 | 12.2
Dodging        | 4 5 6 7 8 9 |  9.7
Throwing       | 3 4 5 6 7 8 9 10 | 10.5
Crossbows      | 3 7 9 10 12 | 12.7
Armour         | 4 6 7 |  7.1
Shields        | 4 |  4.5
Invocations    | 3 5 6 |  6.0
Evocations     | 3 4 5 |  5.4

Action                   |  1- 3 |  4- 6 |  7- 9 | 10-12 | 13-15 || total
-------------------------+-------+-------+-------+-------+-------++-------
Melee: Flail             |    76 |   146 |       |       |       ||   222
       Headbutt          |    13 |    22 |    72 |   119 |    89 ||   315
       Mace              |       |    16 |   133 |       |   102 ||   251
       Morningstar       |       |       |   160 |   488 |   265 ||   913
 Fire: Arbalest          |       |       |       |       |   192 ||   192
Throw: Dart              |       |       |     3 |   195 |   202 ||   400
       Throwing net      |       |       |       |       |     1 ||     1
Evoke: Wand              |       |       |       |       |     2 ||     2
       Tin of tremorston |       |       |       |       |     2 ||     2
       Lightning rod     |       |       |       |       |     4 ||     4
  Use: Scroll            |       |     1 |     8 |    18 |    10 ||    37
       Potion            |       |       |       |       |     5 ||     5
Armor: Leather armour    |    18 |    32 |    17 |       |       ||    67
       Swamp dragon scal |       |       |    51 |    11 |       ||    62
       Plate armour      |       |       |       |   210 |   182 ||   392
Dodge: Dodged            |    61 |   103 |   207 |   209 |   192 ||   772
Block: Buckler           |       |       |       |    27 |    16 ||    43

Table legend: (Time is in decaauts)
 A = Elapsed time spent in this place.
 B = Non-inter-level travel time spent in this place.
 C = Inter-level travel time spent in this place.
 D = Time resting spent in this place.
 E = Time spent auto-exploring this place.
 F = Levels seen in this place.
 G = Mean time per level.
                   A        B        C        D        E       F      G
               +--------+--------+--------+--------+--------+-----+--------+
         Total |  25185 |  24171 |   1014 |   3551 |  16666 |  22 | 1144.8 |
       Dungeon |  14486 |  13884 |    602 |   1451 |  10186 |  13 | 1114.3 |
        Temple |    160 |    150 |     10 |      0 |    150 |   1 |  160.0 |
          Lair |   6121 |   5794 |    327 |    248 |   4692 |   5 | 1224.2 |
  Orcish Mines |   4193 |   4119 |     74 |   1826 |   1525 |   2 | 2096.5 |
       Ossuary |    223 |    223 |      0 |     26 |    112 |   1 |  223.0 |
               +--------+--------+--------+--------+--------+-----+--------+

Top non-repeatable levels by time:
   Orc:1: 2730 daAuts
     D:8: 1881 daAuts
     D:3: 1788 daAuts
  Lair:4: 1517 daAuts
     D:6: 1516 daAuts
   Orc:2: 1463 daAuts
  Lair:3: 1373 daAuts
    D:11: 1352 daAuts
    D:12: 1319 daAuts
     D:5: 1203 daAuts
     D:7: 1195 daAuts
  Lair:2: 1152 daAuts
     D:1: 1125 daAuts
  Lair:5: 1060 daAuts
  Lair:1: 1016 daAuts
